Map: Neon Violet Square LE

Players

Neuro

  • Race: Zerg Zerg
  • League: Grandmaster
  • Spawn Location: 5:00

Vindicta - Winner!

  • Race: Terran Terran
  • League: Grandmaster
  • Spawn Location: 11:00

VOD

Have the link to the VOD?

Description

Time

  • Played on: Jan. 14, 2018, 12:42 p.m.
  • Length: 21:05
Show
View Real Time Build Order
Export as new Build Order

Neuro Zerg 

Build Orders: Hatch First, Muta Ling Bane 

Get SALT Encoding   

  12  0:01  Drone  
  13  0:13  Overlord  
  13  0:18  Drone  
  14  0:32  Drone x2  
  14  0:35  Drone  
  17  0:52  Hatchery  
  17  0:55  Drone  
  17  0:59  Drone  
  18  1:10  Extractor  
  17  1:15  Spawning Pool  
  17  1:17  Drone  
  17  1:21  Drone  
  18  1:29  Drone  
  19  1:41  Overlord  
  19  1:50  Drone  
  20  2:02  Queen  
  20  2:04  Queen  
  20  2:05  Zergling x4  
  26  2:15  Drone  
  27  2:26  Hatchery  
  27  2:28  Drone  
  27  2:33  Drone  
  27  2:36  Drone x2  
  30  2:42  Metabolic Boost  
  30  2:46  Drone  
  31  2:52  Overlord  
  31  2:57  Pneumatized Carapace  
  31  3:07  Drone  
  31  3:08  Drone x3  
  35  3:15  Drone x3  
  35  3:17  Drone  
  35  3:19  Drone  
  40  3:22  Drone  
  40  3:25  Drone x2  
  43  3:30  Overlord  
  43  3:33  Drone  
  44  3:40  Drone x2  
  46  3:44  Overlord  
  46  3:55  Evolution Chamber, Zergling x6  
  49  3:56  Evolution Chamber  
  49  3:59  Zergling x2  
  49  4:01  Queen, Drone  
  49  4:02  Queen  
  53  4:06  Drone  
  53  4:09  Extractor  
  53  4:10  Drone x2  
  55  4:17  Overlord  
  55  4:24  Overlord  
  55  4:36  Drone x5  
  55  4:37  Drone  
  61  4:39  Queen  
  61  4:41  Queen  
  61  4:45  Zerg Ground Armor Level 1, Zerg Melee Weapons Level 1  
  65  4:46  Drone x2  
  65  4:50  Overlord  
  65  4:52  Drone x2  
  69  5:01  Overlord  
  69  5:02  Drone x2  
  71  5:10  Zergling x8  
  71  5:14  Drone x7  
  79  5:17  Baneling Nest  
  79  5:19  Extractor x2, Queen  
  80  5:25  Lair  
  80  5:27  Spore Crawler  
  79  5:29  Drone x4  
  79  5:34  Extractor  
  80  5:46  Drone x3  
  83  5:53  Overlord  
  83  5:55  Overlord  
  83  5:56  Drone x4  
  87  5:59  Extractor  
  86  6:04  Drone x3  
  86  6:06  Overlord  
  86  6:09  Hatchery  
  88  6:19  Zergling x8  
  88  6:21  Baneling  
  88  6:22  Drone  
  93  6:26  Hatchery  
  93  6:29  Drone x8  
  93  6:30  Spire  
  99  6:33  Queen  
  101  6:41  Spore Crawler  
  100  6:51  Overseer  
  100  6:52  Overlord x2  
  100  6:53  Overlord  
  100  6:54  Overlord  
  100  6:56  Baneling x2  
  100  7:03  Overlord x4  
  100  7:12  Zergling x14  
  107  7:19  Hatchery  
  106  7:23  Zergling x12  
  106  7:29  Zerg Ground Armor Level 2  
  110  7:30  Zerg Melee Weapons Level 2, Centrifical Hooks  
  110  7:45  Zerg Flyer Weapons Level 1  
  110  7:46  Mutalisk x6  
  122  7:54  Hatchery  
  122  7:58  Mutalisk x2  
  121  8:00  Zergling x16  
  133  8:10  Mutalisk x2  
  137  8:17  Zergling x14  
  144  8:25  Zergling x6  
  147  8:29  Drone x4  
  150  8:34  Mutalisk  
  150  8:35  Mutalisk x3  
  156  8:41  Baneling  
  156  8:42  Baneling x6  
  156  8:46  Zergling x10  
  156  8:48  Baneling x4  
  161  8:50  Zergling x2  
  161  8:54  Zergling x4  
  164  9:00  Zergling x10  
  165  9:10  Mutalisk  
  165  9:11  Mutalisk x2  
  165  9:12  Mutalisk  
  165  9:16  Zergling x6  
  165  9:17  Zergling x10  
  179  9:22  Infestation Pit  
  168  9:35  Baneling x10  
  168  9:36  Zergling x22  
  179  9:48  Overlord x3  
  179  9:49  Burrow  
  179  9:54  Extractor  
  161  10:15  Overlord x2, Mutalisk x5  
  161  10:17  Zergling x34  
  161  10:18  Zergling x10  
  178  10:28  Mutalisk x2  
  166  10:30  Zergling x10  
  166  10:31  Zergling x12  
  170  10:36  Hive  
  170  10:40  Drone x4  
  170  10:41  Zergling x12  
  180  10:43  Baneling x6  
  180  10:48  Overseer  
  180  10:52  Baneling  
  180  10:53  Baneling x5  
  180  10:55  Overseer  
  180  10:57  Zergling x20  
  187  11:06  Baneling x6  
  187  11:08  Zergling x14  
  167  11:18  Zergling x4  
  167  11:19  Zergling x18  
  167  11:23  Mutalisk  
  167  11:24  Mutalisk x2  
  156  11:26  Zergling x4  
  156  11:31  Baneling x6  
  156  11:32  Mutalisk  
  158  11:35  Zergling x6  
  158  11:37  Zergling x4  
  165  11:42  Zergling x10  
  170  11:49  Baneling x2  
  170  11:53  Ultralisk Cavern  
  167  12:07  Zergling x34  
  180  12:14  Baneling x6  
  178  12:20  Overseer  
  178  12:21  Overlord  
  178  12:22  Overlord  
  178  12:23  Zerg Melee Weapons Level 3, Zerg Ground Armor Level 3  
  178  12:29  Mutalisk  
  180  12:39  Extractor  
  178  12:44  Zergling x6  
  178  12:45  Zergling x26  
  194  12:51  Chitinous Plating  
  194  12:57  Overlord x2  
  194  13:07  Baneling  
  194  13:08  Baneling x24  
  194  13:09  Extractor, Zergling x4  
  192  13:16  Zergling x12  
  187  13:59  Ultralisk x2  
  193  14:10  Ultralisk  
  194  14:24  Ultralisk  
  194  14:28  Ultralisk x2  
  194  14:29  Baneling x7  
  194  14:30  Baneling x12  
  191  14:45  Zergling x16  
  197  14:50  Hatchery  
  197  14:52  Corruptor  
  198  14:56  Ultralisk x2  
  190  15:01  Ultralisk  
  190  15:03  Baneling  
  190  15:04  Baneling x2  
  190  15:06  Extractor, Baneling x2, Overseer  
  187  15:16  Baneling  
  187  15:17  Baneling x11  
  182  15:28  Zergling x20  
  182  15:29  Zergling x4  
  182  15:31  Zergling x10  
  182  15:32  Zergling x22  
  182  15:34  Zergling x8  
  182  15:41  Zergling x6  
  182  15:42  Zergling x4  
  162  15:48  Corruptor x2  
  146  15:58  Pathogen Glands  
  146  16:02  Mutalisk  
  146  16:03  Mutalisk x3  
  154  16:04  Overseer  
  154  16:08  Zergling x6  
  155  16:18  Corruptor x2  
  158  16:26  Corruptor x2  
  158  16:30  Overlord  
  158  16:31  Overlord  
  162  16:39  Corruptor x2  
  156  16:50  Infestor x3  
  162  16:54  Baneling  
  162  16:55  Baneling x4, Neural Parasite  
  162  17:00  Extractor  
  161  17:02  Extractor  
  161  17:03  Zerg Flyer Armor Level 1  
  159  17:12  Mutalisk x2  
  160  17:15  Zergling x12  
  160  17:16  Zergling x8  
  169  17:25  Spawning Pool  
  169  17:29  Corruptor  
  167  17:30  Corruptor  
  153  17:42  Ultralisk  
  144  17:47  Baneling x3  
  144  17:48  Baneling x10  
  140  18:03  Ultralisk  
  141  18:17  Ultralisk x2  
  151  18:23  Zergling x4  
  151  18:24  Zergling x12  
  151  18:27  Zergling x4  
  117  18:39  Ultralisk  
  113  18:52  Spawning Pool  
  113  18:54  Ultralisk  
  114  19:05  Ultralisk  
  114  19:09  Ultralisk  
  113  19:16  Drone  
  113  19:19  Drone x3  
  113  19:23  Ultralisk  
  122  19:29  Ultralisk  
  128  19:31  Drone x2  
  130  19:43  Ultralisk  
  134  19:56  Zergling x18  
  135  20:01  Zergling x2  
  135  20:02  Zergling x6  
  115  20:16  Ultralisk  
  108  20:26  Ultralisk  
  79  20:48  Zergling x8  
Show
View Real Time Build Order
Export as new Build Order

Vindicta Terran - Winner!

Build Orders: Liberator Opening, Reaper Expand, Bio Mine 

Get SALT Encoding   

  12  0:00  SCV  
  13  0:12  SCV  
  14  0:18  Supply Depot  
  14  0:24  SCV  
  15  0:40  SCV  
  15  0:41  Barracks  
  16  0:45  Refinery  
  16  0:52  SCV  
  17  1:04  SCV  
  18  1:16  SCV  
  19  1:30  Orbital Command, Reaper  
  20  1:45  Command Center  
  20  1:56  SCV  
  21  2:03  Marine  
  21  2:04  Supply Depot  
  22  2:08  SCV  
  22  2:10  Factory  
  23  2:22  Refinery, Barracks Reactor  
  23  2:25  SCV  
  24  2:37  SCV  
  25  2:50  SCV  
  26  2:54  Starport  
  26  2:57  Orbital Command  
  26  3:02  SCV  
  26  3:04  Hellion x2  
  31  3:07  Barracks Tech Lab  
  31  3:14  SCV  
  32  3:25  Hellion x2, SCV  
  32  3:26  SCV  
  38  3:30  Stimpack, Marine  
  39  3:35  Viking  
  39  3:37  SCV  
  39  3:38  SCV  
  43  3:49  SCV  
  43  3:51  Marine  
  43  3:52  Supply Depot  
  43  3:54  SCV  
  46  3:57  Liberator  
  46  4:14  Hellion x2, SCV  
  46  4:16  Supply Depot  
  54  4:19  Supply Depot  
  54  4:32  SCV x2  
  54  4:37  Marine  
  55  4:42  Supply Depot  
  55  4:44  SCV x2  
  57  4:46  Factory Reactor  
  57  4:50  Command Center  
  57  4:51  Supply Depot  
  57  4:55  Marine  
  57  4:57  Barracks x2, SCV x2  
  60  5:09  SCV x2  
  60  5:11  Starport Reactor  
  60  5:13  Marine  
  61  5:17  Engineering Bay  
  61  5:18  Engineering Bay  
  61  5:21  SCV x2  
  62  5:27  Refinery x2  
  62  5:31  Marine  
  62  5:32  Combat Shields  
  62  5:33  SCV x2  
  65  5:40  Factory Tech Lab  
  65  5:45  SCV x2  
  65  5:47  Marine  
  65  5:48  Medivac x2, Marine  
  73  5:54  Terran Infantry Weapons Level 1, Terran Infantry Armor Level 1  
  73  5:56  Marine x2  
  76  5:57  SCV x2  
  76  6:02  Orbital Command  
  77  6:05  Siege Tank  
  77  6:06  Marine  
  77  6:07  Marine x2  
  77  6:09  SCV x2  
  85  6:14  Marine x2  
  87  6:21  SCV  
  87  6:24  Marine, SCV  
  87  6:25  Bunker  
  90  6:26  Marine  
  90  6:27  Supply Depot, Marine  
  90  6:29  Supply Depot  
  90  6:31  SCV  
  90  6:32  Marine x2  
  95  6:34  SCV  
  95  6:36  SCV  
  95  6:37  Siege Tank  
  100  6:41  Marine  
  101  6:48  Medivac x2, Marine x2, SCV  
  101  6:49  SCV  
  101  6:50  Marine  
  101  6:51  SCV  
  101  6:52  Supply Depot  
  111  6:54  Supply Depot  
  111  6:59  Factory  
  111  7:00  Marine x2, SCV  
  114  7:01  SCV  
  114  7:03  SCV  
  114  7:06  Marine  
  114  7:08  Marine  
  114  7:09  Marine  
  114  7:13  SCV  
  112  7:17  Siege Tank, Marine x2  
  112  7:20  SCV  
  112  7:21  Refinery, Barracks  
  118  7:23  Armory  
  118  7:24  Marine  
  118  7:27  Marine x2  
  118  7:29  SCV  
  112  7:31  SCV  
  112  7:35  Marine x2  
  115  7:38  SCV  
  115  7:40  Barracks  
  115  7:41  Refinery  
  115  7:42  Marine  
  117  7:44  Marine x2, Command Center  
  117  7:45  Factory Tech Lab  
  119  7:53  Marine x2  
  121  7:59  Marine, SCV x2  
  121  8:02  Marine x2  
  126  8:08  Barracks Reactor  
  126  8:11  Terran Infantry Armor Level 2, Marine x2, Terran Infantry Weapons Level 2  
  131  8:17  Marine  
  132  8:20  Marine, Terran Vehicle Weapons Level 1  
  132  8:22  Supply Depot  
  132  8:25  Marine  
  132  8:26  Supply Depot, SCV  
  138  8:27  Supply Depot, Drilling Claws  
  138  8:28  Thor  
  138  8:29  Marine x2  
  138  8:31  Missile Turret x2  
  138  8:33  Barracks Reactor  
  140  8:34  Missile Turret  
  140  8:35  Marine  
  140  8:38  Factory Reactor  
  140  8:40  Marine  
  132  8:43  Marine  
  132  8:45  Marine  
  132  8:47  Marine x3  
  137  8:53  Marine  
  138  8:58  Supply Depot, Marine  
  138  8:59  Supply Depot  
  138  9:01  Marine  
  138  9:03  Marine  
  138  9:04  Marine x2  
  138  9:05  Marine  
  142  9:11  Marine, Marauder  
  142  9:14  Marine, Thor  
  142  9:15  Widow Mine  
  142  9:16  Marine  
  143  9:19  Marine  
  143  9:21  Marine  
  143  9:22  Marine x2  
  143  9:23  Marine  
  146  9:26  Medivac x2  
  146  9:29  Marine  
  140  9:32  Marine  
  140  9:34  Marine  
  140  9:36  Widow Mine x2  
  140  9:37  Marine  
  148  9:39  Marine  
  148  9:40  Marine x3  
  148  9:44  Concussive Shells  
  152  9:47  Missile Turret  
  152  9:48  Missile Turret x2  
  151  9:57  Planetary Fortress, Thor  
  157  10:00  Sensor Tower  
  157  10:03  Widow Mine  
  157  10:04  Marine  
  157  10:07  Orbital Command  
  157  10:09  Marine  
  157  10:12  Marine  
  157  10:13  Marine  
  157  10:14  Unknown  
  148  10:17  SCV x2  
  148  10:19  Medivac, Marine  
  148  10:21  Marine  
  132  10:22  Marine  
  132  10:27  Marine  
  131  10:29  SCV x2  
  131  10:30  Marine  
  131  10:32  Marine  
  131  10:35  SCV  
  134  10:37  Medivac, Marine x2  
  134  10:42  Widow Mine x2  
  144  10:44  Terran Infantry Weapons Level 3  
  144  10:46  SCV  
  144  10:47  SCV x2  
  144  10:49  Marine x2  
  144  10:50  Marine  
  144  10:51  SCV  
  144  10:55  Supply Depot  
  148  11:08  Supply Depot  
  148  11:17  Widow Mine  
  131  11:21  Medivac  
  131  11:23  Marine  
  131  11:24  Marine x2  
  112  11:26  Medivac  
  112  11:30  Marine  
  112  11:31  Marine x3  
  120  11:33  SCV x4  
  120  11:35  Widow Mine  
  120  11:38  Thor  
  132  11:41  Marine  
  132  11:42  Marine x2  
  132  11:43  Terran Infantry Armor Level 3  
  132  11:45  SCV x3  
  138  11:47  Widow Mine  
  138  11:48  Marine x2  
  138  11:49  Terran Vehicle Weapons Level 2  
  138  11:50  Marine  
  138  11:53  SCV  
  138  12:01  Missile Turret  
  138  12:03  Missile Turret  
  138  12:07  Missile Turret  
  138  12:08  Missile Turret  
  133  12:09  Widow Mine, SCV  
  133  12:11  Medivac, Missile Turret  
  133  12:12  Medivac  
  141  12:20  Supply Depot x2  
  141  12:22  Missile Turret  
  140  12:26  Missile Turret  
  140  12:29  Thor  
  146  12:32  Marine x2  
  146  12:33  Marine  
  149  12:43  Medivac  
  151  12:45  Marine x4, Marauder  
  151  12:49  Widow Mine x2  
  151  12:50  Marine  
  162  13:00  Marine x2  
  162  13:02  Marine  
  162  13:03  Marine x2  
  162  13:05  Marine  
  158  13:08  Marine  
  158  13:12  Thor  
  167  13:16  Missile Turret  
  167  13:17  Marine, Missile Turret  
  167  13:18  Marine  
  167  13:19  Widow Mine x2  
  173  13:20  Marine x2  
  173  13:21  Marine  
  173  13:23  Marine  
  173  13:24  Supply Depot  
  173  13:25  Supply Depot  
  173  13:26  Refinery  
  175  13:31  Marine x2  
  177  13:35  Marine x2  
  177  13:38  Barracks, Marine  
  177  13:40  Barracks  
  171  13:55  Thor  
  171  13:57  Unknown x2  
  171  13:59  Widow Mine  
  171  14:02  Marine x2  
  181  14:06  Marine  
  181  14:07  Marine  
  181  14:08  Marine x2  
  181  14:09  Marine, Marauder  
  188  14:10  Widow Mine  
  188  14:19  Marine  
  188  14:20  Marine  
  185  14:24  Widow Mine, Marine x2  
  185  14:25  Marine  
  185  14:26  Marine x2  
  184  14:37  Command Center  
  184  14:39  Medivac x2  
  184  14:41  Marine x2, Thor  
  184  14:43  Marine  
  196  14:47  Unknown x4  
  196  14:50  Supply Depot  
  196  14:53  Marine  
  196  14:54  Barracks Tech Lab x2  
  196  14:55  Barracks Tech Lab  
  196  14:57  Liberator x2  
  194  15:00  Marauder  
  189  15:13  Widow Mine  
  194  15:15  Marauder  
  166  15:38  Marauder  
  166  15:39  Marine x3, Liberator, Marauder x2  
  166  15:40  Marauder  
  166  15:42  Marine  
  152  15:44  Marine x2, Thor  
  157  15:56  Marine  
  157  15:57  Medivac, Marine x2, Unknown  
  161  16:00  Marauder  
  161  16:01  Marauder x3  
  173  16:12  SCV x2  
  173  16:17  Liberator  
  175  16:21  Marauder  
  175  16:22  Planetary Fortress  
  177  16:27  Thor  
  179  16:38  Marine  
  179  16:39  Marine, Marauder  
  185  16:44  Marauder x3  
  189  16:47  Refinery  
  189  16:48  Refinery  
  189  16:49  Refinery, Missile Turret  
  189  16:51  Missile Turret  
  189  17:00  Marauder  
  191  17:02  Liberator  
  191  17:05  Marauder  
  193  17:08  Marine x2  
  193  17:09  Widow Mine  
  193  17:10  Marine  
  193  17:13  Marauder x2  
  193  17:14  Widow Mine x2  
  186  17:16  SCV x2  
  186  17:17  Refinery  
  186  17:20  Refinery  
  186  17:23  Marauder  
  186  17:27  Marauder  
  180  17:30  Liberator  
  180  17:34  Marauder  
  180  17:35  Marauder  
  178  17:40  Marine  
  178  17:41  Marine x3  
  172  17:45  Marauder  
  172  17:48  Marauder  
  172  17:50  SCV  
  180  17:53  SCV  
  180  17:55  Marine x2  
  180  17:56  Marauder x2  
  187  17:59  SCV  
  187  18:00  Marine  
  187  18:02  Marine  
  190  18:06  Marine  
  190  18:07  Marine  
  190  18:10  Marauder  
  190  18:11  Medivac  
  198  18:13  Marine  
  198  18:14  Marine  
  198  18:19  Terran Ship Weapons Level 1  
  198  18:22  Fusion Core  
  198  18:24  Marine  
  198  18:25  Marauder  
  198  18:26  Marauder x2  
  164  18:30  Medivac  
  164  18:31  Marauder  
  164  18:33  Marine  
  143  18:40  Marine x2  
  143  18:41  Medivac, Marine x2  
  147  18:51  Marine x2  
  147  18:52  Marine, Marauder x2  
  154  18:56  SCV  
  154  19:00  Medivac  
  148  19:04  Marauder  
  148  19:05  Orbital Command  
  148  19:08  Marine x2  
  144  19:10  Marauder  
  144  19:13  Medivac, Marauder x2  
  144  19:15  Marine x2  
  146  19:18  Marine  
  137  19:27  Starport  
  137  19:28  Marauder  
  137  19:29  Marine  
  140  19:33  Marauder  
  140  19:36  Marauder  
  144  19:38  Marine  
  144  19:39  Marine  
  144  19:43  Widow Mine, Liberator  
  148  19:46  Liberator  
  148  19:47  Marine, Marauder  
  148  19:51  Widow Mine  
  155  19:56  Marine, Marauder  
  161  20:07  Marauder  
  161  20:08  Marauder  
  161  20:09  Marauder  
  141  20:17  Marine  
  141  20:18  Marauder  
  140  20:23  Refinery  
  140  20:29  Marauder x2  
  140  20:31  Marauder  
  140  20:33  Marine  
  140  20:35  Marine x2  
  149  20:37  Starport Tech Lab  
  149  20:39  Marauder  
  148  20:43  Marine x2  
  148  20:44  Marine  
  157  21:04  Ghost Academy  
Tags
 
Add a new tag
Caveats
  • Supply blocks, unpowered buildings, or Contaminate may cause inaccurate times.
  • Supply counts are checked every 10 seconds.